[Event "*** Titled Tuesday Blitz"]
[Site "Chess.com"]
[Date "2021.04.27"]
[Round "7"]
[White "microbear"]
[Black "catzapto"]
[Result "1-0"]
[WhiteElo "2174"]
[BlackElo "2094"]
[TimeControl "180+1"]
[EndTime "11:16:40 PDT"]
[Termination "microbear won on time"]

1. e4 d5 2. exd5 Qxd5 3. Nc3 Qa5 4. d4 c6 5. Nf3 Nf6 6. Ne5 Bf5 7. Be2 Nbd7 8. Nc4 Qc7 9. a4 e6 10. O-O Nb6 11. Ne5 Nbd7 12. Bf4 Bd6 13. Nxd7 Bxf4 14. Nxf6+ gxf6 15. g3 Rg8 16. Kh1 Bd6 17. Bf3 h5 18. Ne4 Be7 19. Re1 h4 20. Kg2 hxg3 21. hxg3 O-O-O 22. c3 Bxe4 23. Bxe4 f5 24. Bc2 f4 25. Qf3 fxg3 26.
fxg3 Bd6 27. g4 f5 28. Rxe6 Rxg4+ 29. Kf2 Rdg8 30. Bxf5 Rg2+ 31. Qxg2 Rxg2+ 32. Kxg2 Kd8 33. Rae1 Qf7 34. Rxd6+ 1-0

[Event "*** Titled Tuesday Blitz"]
[Site "Chess.com"]
[Date "2021.04.27"]
[Round "7"]
[White "kingofthenil"]
[Black "Alex-11211"]
[Result "1-0"]
[WhiteElo "2654"]
[BlackElo "2457"]
[TimeControl "180+1"]
[EndTime "11:16:41 PDT"]
[Termination "kingofthenil won by resignation"]

1. e4 g6 2. d4 Bg7 3. Nf3 c5 4. d5 d6 5. c4 Nf6 6. Nc3 O-O 7. Bd3 e6 8. h3 exd5 9. cxd5 b5 10. Nxb5 Re8 11.
O-O Nxe4 12. Bxe4 Rxe4 13. Nc3 Re8 14. Bg5 Qd7 15. Qd2 Na6 16. Rfe1 Bb7 17. Ne4 Nc7 18. Bf4 Rxe4 19. Rxe4 Nxd5 20. Bg3 h6 21. Rae1 Kh7 22. h4 Rf8 23. R4e2 Ba8 24. a3 Rd8 25. Qc2 Qg4 26.
Rd2 Nf4 27. Bxf4 Bxf3 28. Bg3 Bc6 29. Qd1 Qxd1 30. Rdxd1 d5 31. Re7 Bxb2 32. Rxf7+ Kg8 33. Rc7 d4 34. Rxc6 1-0

[Event "*** Titled Tuesday Blitz"]
[Site "Chess.com"]
[Date "2021.04.27"]
[Round "7"]
[White "Mazanchenko_Dmitry"]
[Black "RafalBRC"]
[Result "0-1"]
[WhiteElo "2253"]
[BlackElo "2182"]
[TimeControl "180+1"]
[EndTime "11:16:41 PDT"]
[Termination "RafalBRC won by checkmate"]

1. d4 Nf6 2. Nf3 g6 3. Nc3 Bg7 4. e4 d6 5. Bf4 Nbd7 6. Qd2 c5 7.
Bh6 O-O 8. h4 cxd4 9. Nxd4 Nc5 10. f3 d5 11. e5 Nh5 12. g4 Ng3 13. Bxg7 Kxg7 14. Rh3 Nxf1 15. Kxf1 Qc7 16. Re1 Be6 17. h5 Rh8 18. Nf5+ gxf5 19. Qg5+ Kf8 20. gxf5 Bxf5 21. Qxf5 e6 22. Qf6 Rg8 23. Qh6+ Ke7 24. Qxh7 Nd7 25. Qd3 Nxe5 26. Qe2 f6 27. f4 Qb6 28. Re3 d4 29. fxe5 dxe3 30. exf6+ Kf7 31. Ne4 Rad8 32. h6 Rd5 33. c4 Rf5+ 34. Qf3 Rxf3+ 35. Ke2 Rh3 36. h7 Qxb2+ 37. Kd3 Rd8+ 38. Nd6+ Rxd6+ 39. Ke4 Qd4# 0-1

[Event "*** Titled Tuesday Blitz"]
[Site "Chess.com"]
[Date "2021.04.27"]
[Round "7"]
[White "Redbandit87"]
[Black "MVM2008"]
[Result "1-0"]
[WhiteElo "2384"]
[BlackElo "2253"]
[TimeControl "180+1"]
[EndTime "11:16:42 PDT"]
[Termination "Redbandit87 won on time"]

1. d4 d5 2. Bf4 Nf6 3. e3 e6 4. Nf3 Bd6 5. Ne5 Nc6 6. Nd2 Bd7 7. c3 O-O 8. Bd3 Ne7 9. h4 Ng6 10. Bxg6 fxg6 11. Bh2 Nh5 12. Ndf3 Bb5 13. Qc2 c5 14. O-O-O Qa5 15. Kb1 c4 16. Nc6 bxc6 17. Bxd6 Ba4 18. Qd2 Nf6 19. Bxf8 Ne4 20. Bb4 Nxd2+ 21. Rxd2 Qb5 22.
Ne5 a5 23. Ba3 Rb8 24. Nd7 Qb7 25. Nc5 Qb5 26. Nxe6 Qb6 27. Nc5 Bb5 28. f3 Qc7 29.
e4 Re8 30. e5 Qc8 31. g4 h5 32. e6 Rxe6 33. Nxe6 Qxe6 34. Rg1 Qe3 35. Rdg2 Qxf3 36. gxh5 Qf5+ 37. Ka1 Qxh5 38. Rxg6 Qh7 39. Bd6 c5 40. dxc5 1-0

[Event "*** Titled Tuesday Blitz"]
[Site "Chess.com"]
[Date "2021.04.27"]
[Round "7"]
[White "anon569"]
[Black "Caterpiller35"]
[Result "1-0"]
[WhiteElo "2268"]
[BlackElo "2475"]
[TimeControl "180+1"]
[EndTime "11:16:43 PDT"]
[Termination "anon569 won on time"]

1. e4 c5 2. Nf3 Nc6 3. d4 cxd4 4.
Nxd4 e5 5. Nb5 d6 6. N1c3 a6 7. Na3 b5 8. Nd5 Nge7 9. Be3 Nxd5 10. exd5 Ne7 11. c4 g6 12. cxb5 Bg7 13. bxa6 O-O 14. Bc4 Nf5 15. O-O e4 16. Qe2 Nxe3 17. fxe3 Qb6 18. Nb5 Bxa6 19. a4 Rfc8 20. Rac1 Bh6 21. Rfe1 Bxb5 22. axb5 Ra4 23. b3 Ra3 24. Kh1 Qa5 25. Rf1 f5 26. Qf2 Ra2 27. Qg3 Qd2 28. Rce1 Bg7 29. Re2 Qa5 30. Qxd6 Ra8 31. Rxa2 Qxa2 32.
b6 Qa3 33. b7 1-0

[Event "*** Titled Tuesday Blitz"]
[Site "Chess.com"]
[Date "2021.04.27"]
[Round "7"]
[White "Steegersee"]
[Black "Poghosyan_Suren"]
[Result "0-1"]
[WhiteElo "2195"]
[BlackElo "2350"]
[TimeControl "180+1"]
[EndTime "11:16:43 PDT"]
[Termination "Poghosyan_Suren won by checkmate"]

1. c4 Nf6 2. Nf3 Nc6 3. Nc3 e5 4. e3 d5 5. cxd5 Nxd5 6. Bb5 Nxc3 7. bxc3 Bd6 8. O-O O-O 9. d4 exd4 10. cxd4 Bg4 11.
h3 Bh5 12. Bb2 Ne7 13. Be2 Bg6 14. Rc1 c6 15. Bd3 Nd5 16. Bxg6 hxg6 17. Qb3 Qb6 18.
Nd2 Rfe8 19. Nc4 Qc7 20. Rfd1 Qe7 21. Re1 Nf6 22. Ba3 Bxa3 23. Qxa3 Ne4 24. Qxe7 Rxe7 25. f3 Nf6 26. Rb1 Rd8 27. Kf2 Nd5 28. Rb3 f6 29.
Reb1 b6 30. g3 Rde8 31. Rc1 b5 32. Na5 Nxe3 33. Nxc6 Re6 34. Nb4 Nc4 35. Rc2 a5 36. Nd5 Rd6 37. Nc7 Rb8 38. Nxb5 a4 39. Nxd6 axb3 40.
Rxc4 b2 41. Rc7 b1=Q 42. g4 Rb2+ 43. Kg3 Qg1+ 44. Kf4 Qxd4+ 45. Kg3 Qxd6+ 46. Kh4 Qxc7 47. f4 Qxf4 48. a4 Qf2# 0-1

[Event "*** Titled Tuesday Blitz"]
[Site "Chess.com"]
[Date "2021.04.27"]
[Round "7"]
[White "adnan_nn"]
[Black "exoticprincess"]
[Result "1-0"]
[WhiteElo "2700"]
[BlackElo "2901"]
[TimeControl "180+1"]
[EndTime "11:16:44 PDT"]
[Termination "adnan_nn won by resignation"]

1. e4 c6 2. d4 d5 3. exd5 cxd5 4. c4 Nc6 5. Nc3 e6 6. Nf3 Be7 7. cxd5 exd5 8. h3 Nf6 9. Bd3 O-O 10. O-O Re8 11. Re1 h6 12. a3 Bd6 13. Be3 Ne7 14. Qc2 Be6 15. Re2 Rc8 16. Rae1 Bb8 17. Ne5 Ne4 18. Bf4 f6 19. Bxh6 fxe5 20. Bxe4 dxe4 21. Bg5 exd4 22. Rxe4 dxc3 23. Rxe6 Qc7 24. g3 cxb2 25.
Qxb2 Qc3 26. Qxb7 Bxg3 27. Bxe7 Bf4 28. Bb4 Qxh3 29. Rxe8+ Kh7 30. Qe4+ g6 31. Re7+ Kg8 32. Qxg6+ 1-0

[Event "*** Titled Tuesday Blitz"]
[Site "Chess.com"]
[Date "2021.04.27"]
[Round "7"]
[White "Leo_C"]
[Black "sorrm8thatscheckm8"]
[Result "1-0"]
[WhiteElo "2475"]
[BlackElo "2558"]
[TimeControl "180+1"]
[EndTime "11:16:44 PDT"]
[Termination "Leo_C won on time"]

1. d4 Nf6 2. c4 g6 3. f3 Bg7 4.
e4 d6 5. Nc3 O-O 6. Be3 c5 7.
dxc5 dxc5 8. Qxd8 Rxd8 9. Bxc5 Nc6 10. Nge2 a5 11. a3 Nd7 12. Bf2 Nde5 13. Nf4 e6 14.
Rd1 Bd7 15. Bb6 Rdc8 16. Be2 Be8 17. O-O Ne7 18. c5 Nd7 19. Ba6 bxa6 20. Bxa5 Nxc5 21.
Bb4 a5 22. Bxc5 Rxc5 23. Nd3 Rcc8 24. e5 Nc6 25. f4 Ne7 26. Ne4 Bc6 27. Nd6 Rcb8 28.
Rc1 Rb3 29. Rfd1 Bf8 30. Rc5 a4 31. h4 h5 32. Rd2 Rab8 33. Nb4 Bd5 34. Rc7 R3xb4 35.
axb4 Rxb4 36. Ne8 Nf5 37. Nf6+ Kg7 38. Ne8+ Kg8 39. Nf6+ Kh8 40. Rxf7 Bc5+ 41. Kh2 Ng7 42. Rc2 Rc4 43. Rxc4 Bxc4 44. Rc7 1-0

[Event "*** Titled Tuesday Blitz"]
[Site "Chess.com"]
[Date "2021.04.27"]
[Round "7"]
[White "SanchezKelvin"]
[Black "paulrusan"]
[Result "1/2-1/2"]
[WhiteElo "204"]
[BlackElo "2212"]
[TimeControl "180+1"]
[EndTime "11:16:44 PDT"]
[Termination "Game drawn by repetition"]

1. e4 c5 2. Nf3 Nc6 3. d4 cxd4 4. Nxd4 e5 5. Nb5 d6 6. N1c3 a6 7. Na3 b5 8. Nd5 Nf6 9. Bg5 Be7 10. Bxf6 Bxf6 11. c4 Bg5 12. cxb5 Nd4 13. b6 O-O 14.
Bd3 Bb7 15. Nc4 f5 16. O-O Rc8 17. b3 g6 18. Re1 f4 19. Qg4 f3 20. g3 h5 21. Qh3 Rc5 22. Nc7 Bc8 23. Qf1 Rxc7 24. bxc7 Qxc7 25. h4 Bh6 26. Ne3 Be6 27. Bc4 Bxe3 28.
Bxe6+ Nxe6 29. Rxe3 Nd4 30. Rc1 Qd7 31. Rd1 a5 32.
Qc4+ Kh7 33. Kh2 Qg4 34. Rxd4 exd4 35. Qxd4 Rc8 36. Qxd6 Rc1 37. Qe7+ Kg8 38. Qe8+ Kg7 39. Qe5+ Kg8 40. Qe8+ Kg7 41. Qe7+ Kg8 42. Qd8+ Kf7 43. Qd5+ Kg7 44. Qe5+ Kg8 45. Qd5+ Kg7 46. Qe5+ 1/2-1/2

[Event "*** Titled Tuesday Blitz"]
[Site "Chess.com"]
[Date "2021.04.27"]
[Round "7"]
[White "Nozdrachev_Leonid"]
[Black "Ibrayevnb"]
[Result "1-0"]
[WhiteElo "2616"]
[BlackElo "2475"]
[TimeControl "180+1"]
[EndTime "11:16:46 PDT"]
[Termination "Nozdrachev_Leonid won on time"]

1. e4 c5 2. c3 Nf6 3. e5 Nd5 4. d4 cxd4 5. Nf3 e6 6. cxd4 b6 7. a3 Be7 8. Bd3 Ba6 9. Bxa6 Nxa6 10. O-O O-O 11. Nbd2 d6 12. Ne4 dxe5 13. Nxe5 Nac7 14. Bd2 Nb5 15. Be3 Nd6 16. Qd3 Nxe4 17. Qxe4 Rc8 18. Rac1 Qd6 19. g3 a6 20. h4 Nxe3 21. fxe3 f6 22. Rxc8 Rxc8 23. Qb7 Rf8 24. Nf3 Qxg3+ 25. Kh1 Bd6 26. Qxa6 Qh3+ 27. Kg1 Qg3+ 28. Kh1 e5 29. Qc4+ Kh8 30. Qe6 exd4 31. exd4 f5 32. b4 f4 33. Qxd6 Qh3+ 34. Nh2 1-0

[Event "*** Titled Tuesday Blitz"]
[Site "Chess.com"]
[Date "2021.04.27"]
[Round "7"]
[White "Kildepiotr"]
[Black "MikeSailer"]
[Result "1-0"]
[WhiteElo "2615"]
[BlackElo "2189"]
[TimeControl "180+1"]
[EndTime "11:16:46 PDT"]
[Termination "Kildepiotr won by resignation"]

1. Nf3 d5 2. g3 Nf6 3. Bg2 Bf5 4. O-O e6 5. d3 Be7 6. Nbd2 O-O 7. Qe1 h6 8. e4 Bh7 9. Qe2 c5 10. Ne5 Nc6 11. Nxc6 bxc6 12. f4 a5 13. f5 a4 14.
a3 c4 15. fxe6 fxe6 16. dxc4 dxe4 17. Kh1 Qd4 18. Re1 Bc5 19. c3 Qd3 20. Qxd3 exd3 21. Bxc6 Ra6 22. Bf3 Bf5 23. Kg2 Ng4 24. Ne4 Bxe4 25. Rxe4 Nxh2 26. Rf4 Nxf3 27. Rxf8+ Kxf8 28. Kxf3 e5 29. Be3 Rf6+ 30. Ke4 Bxe3 31. Kxe3 e4 32. Kxe4 Rf2 33. Rd1 Rxb2 34. Rxd3 Ke7 35. c5 Rb8 36. c6 Rc8 37. Rd7+ Kf6 38. Kd5 g5 39. c7 h5 40. Kd6 h4 41. gxh4 gxh4 42. Rd8 Rxc7 43. Kxc7 Ke5 44. Rh8 Kd5 45. Rxh4 1-0

[Event "*** Titled Tuesday Blitz"]
[Site "Chess.com"]
[Date "2021.04.27"]
[Round "7"]
[White "GM_dmitrij"]
[Black "nrvisakh"]
[Result "1-0"]
[WhiteElo "2960"]
[BlackElo "2813"]
[TimeControl "180+1"]
[EndTime "11:16:47 PDT"]
[Termination "GM_dmitrij won on time"]

1. e4 c5 2. Nf3 g6 3. c3 Bg7 4. d4 cxd4 5. cxd4 d5 6. e5 Nc6 7. Bb5 Bg4 8. Nbd2 Nh6 9. h3 Bd7 10. Bd3 Bf5 11. Nb3 Bxd3 12. Qxd3 O-O 13. O-O Rc8 14.
Bf4 Na5 15. Nxa5 Qxa5 16. b4 Qa4 17. Rfc1 f6 18. exf6 exf6 19. Qb3 Qd7 20. Rc5 Rxc5 21. dxc5 Nf7 22. Rd1 Rd8 23. Bd6 Nxd6 24. Rxd5 Qe6 25. cxd6 Bf8 26. d7 Kg7 27. Qd3 Bxb4 28. Qb5 Bd6 29.
Nd4 Qe1+ 30. Qf1 Qxf1+ 31. Kxf1 Rxd7 32. Nb5 1-0

[Event "*** Titled Tuesday Blitz"]
[Site "Chess.com"]
[Date "2021.04.27"]
[Round "7"]
[White "mary-sanna"]
[Black "MarkoPe"]
[Result "0-1"]
[WhiteElo "2123"]
[BlackElo "2263"]
[TimeControl "180+1"]
[EndTime "11:16:47 PDT"]
[Termination "MarkoPe won by checkmate"]

1. d4 d5 2. Bf4 e6 3. e3 Nf6 4.
Nf3 Bd6 5. Bxd6 Qxd6 6. c4 O-O 7. Nc3 b6 8. Nb5 Qe7 9. cxd5 exd5 10. Qc2 c5 11. dxc5 bxc5 12. Be2 Nc6 13. O-O Bg4 14.
Rac1 Ne4 15. h3 Bh5 16. Rfd1 Rfd8 17. Nc3 Rac8 18. Nxe4 dxe4 19. Ne1 Nb4 20. Qc4 Bg6 21. a3 Nd3 22. Nxd3 exd3 23. Bxd3 Bxd3 24. Rxd3 Rxd3 25. Qxd3 Qe5 26. Qa6 Qc7 27. Qb5 c4 28. Rd1 h6 29.
Rd7 Qe5 30. Rxa7 Qxb5 31. g3 Qxb2 32. a4 c3 33. a5 c2 34. a6 c1=Q+ 35. Kg2 Qcc2 36.
Rxf7 Kxf7 37. a7 Qxf2+ 38. Kh1 Qg2# 0-1

[Event "*** Titled Tuesday Blitz"]
[Site "Chess.com"]
[Date "2021.04.27"]
[Round "7"]
[White "Raud100"]
[Black "chessajedrezz2020"]
[Result "1/2-1/2"]
[WhiteElo "2460"]
[BlackElo "2674"]
[TimeControl "180+1"]
[EndTime "11:16:48 PDT"]
[Termination "Game drawn by repetition"]

1. d4 c6 2. c4 d5 3. Nf3 Nf6 4. Nc3 g6 5. Bg5 Bg7 6. e3 O-O 7. cxd5 Nxd5 8. Qb3 Nxc3 9. bxc3 c5 10. Bd3 Nc6 11. O-O b6 12. Rfd1 cxd4 13. cxd4 Bb7 14. Rac1 Rc8 15. Qa4 a6 16. Be4 b5 17. Qa3 Bf6 18.
Bxf6 exf6 19. Bxc6 Bxc6 20. Qxa6 Bxf3 21. Rxc8 Qxc8 22.
Qxc8 Rxc8 23. gxf3 Rc2 24. Rb1 Rxa2 25. Rxb5 f5 26.
Kg2 Kg7 27. Kg3 Rd2 28. h4 h5 29. Rd5 Rd3 30. Rd8 Kf6 31. Kf4 Rd2 32. Kg3 Rd3 33. Ra8 Kg7 34. Ra2 Kf6 35. Kg2 Rd1 36. Re2 Kg7 37. Ra2 Kf6 38. Ra5 Kg7 39. Rd5 Kf6 40. e4 f4 41. Rd6+ Ke7 42. e5 Rd3 43. d5 Rd1 44. Kh2 Rd2 45. Kg2 Rd1 46. Kh2 Rd2 47.
Kg2 Rd1 1/2-1/2

[Event "*** Titled Tuesday Blitz"]
[Site "Chess.com"]
[Date "2021.04.27"]
[Round "7"]
[White "AldokhinIvan"]
[Black "PavelChernomordik"]
[Result "1-0"]
[WhiteElo "2542"]
[BlackElo "2384"]
[TimeControl "180+1"]
[EndTime "11:16:48 PDT"]
[Termination "AldokhinIvan won on time"]

1. e4 g6 2. d4 Bg7 3. Nc3 d6 4.
Bg5 h6 5. Bh4 c5 6. dxc5 Qa5 7.
Ne2 Qxc5 8. f4 Bg4 9. Nd5 Qc8 10. Qd2 Nc6 11. O-O-O Be6 12. f5 gxf5 13. exf5 Bxf5 14. Ng3 Bg4 15. Be2 Be6 16. Nf4 Bxa2 17. Bb5 a6 18. Bxc6+ Qxc6 19. Rhe1 O-O-O 20. Nf5 Be5 21. Rxe5 f6 22.
Rxe7 Kb8 23. Re3 Qc8 24. Nxd6 Qg4 25. Bg3 h5 26. Qb4 Qd7 27. Red3 Ne7 28. Nxb7 Qxb7 29.
Rxd8+ Rxd8 30. Rxd8+ Nc8 31. Nd5+ Ka8 32. Nb6+ 1-0

[Event "*** Titled Tuesday Blitz"]
[Site "Chess.com"]
[Date "2021.04.27"]
[Round "7"]
[White "Kostukov_Alex"]
[Black "zurzan"]
[Result "1-0"]
[WhiteElo "2308"]
[BlackElo "2027"]
[TimeControl "180+1"]
[EndTime "11:16:48 PDT"]
[Termination "Kostukov_Alex won by checkmate"]

1. g3 g6 2. Bg2 Bg7 3. c4 f5 4.
Nf3 Nf6 5. d4 O-O 6. O-O d6 7.
Nc3 c6 8. d5 e5 9. dxe6 Bxe6 10. Nd2 Na6 11. a3 Qc7 12. Qc2 Rad8 13. e4 fxe4 14.
Ncxe4 Nxe4 15. Nxe4 Bf5 16. Bf4 Bxe4 17. Bxe4 Rde8 18.
Rad1 Be5 19. Bh6 Bg7 20. Be3 Qe7 21. Bg2 Nc5 22. b4 Ne4 23. Bxe4 Qxe4 24. Qxe4 Rxe4 25.
Rxd6 Rxc4 26. Bxa7 Be5 27. Rd7 Rf7 28. Rfd1 Bb2 29.
Rd8+ Kg7 30. R1d3 Rc1+ 31. Kg2 Rc3 32. Rxc3 Bxc3 33. Bc5 Bb2 34. a4 Ba3 35. a5 h5 36.
f4 Kf6 37. Rd6+ Kf5 38. Kf3 Bb2 39. h3 g5 40. g4+ hxg4+ 41. hxg4# 1-0

[Event "*** Titled Tuesday Blitz"]
[Site "Chess.com"]
[Date "2021.04.27"]
[Round "7"]
[White "DenLaz"]
[Black "Susal_De_Silva"]
[Result "1-0"]
[WhiteElo "2824"]
[BlackElo "2630"]
[TimeControl "180+1"]
[EndTime "11:16:49 PDT"]
[Termination "DenLaz won by resignation"]

1. d4 Nf6 2. c4 e6 3. Nf3 b6 4. a3 Bb7 5. Nc3 g6 6. Bf4 Bg7 7. e3 O-O 8. Be2 d6 9. O-O Ne4 10. Nxe4 Bxe4 11. Rc1 Nd7 12. h3 Qe7 13. Bh2 f5 14. Nd2 Bb7 15. Bf3 Bxf3 16. Qxf3 c5 17. Nb3 e5 18. Qd5+ Kh8 19. dxe5 Nxe5 20. Rfd1 Rad8 21. Nd2 Nf7 22. b4 Bb2 23. Rb1 Bxa3 24. b5 Bb4 25. Nf3 Bc3 26. Rb3 Bg7 27. Rbd3 Qe4 28. R3d2 Bc3 29. Rd3 Bg7 30. Nd2 Qxd5 31. Rxd5 Ne5 32. Bxe5 dxe5 33. Nf3 Rxd5 34. Rxd5 e4 35.
Ng5 Bf6 36. Ne6 Re8 37. Nc7 Re7 38. Rd8+ Kg7 39. Nd5 Rf7 40. Rd6 Be5 41. Re6 Bc7 42. g4 Bb8 43. Re8 Bc7 44. Kg2 Bd6 45. Rd8 Be5 46. Re8 Bd6 47. gxf5 gxf5 48. h4 Bc7 49. Re6 Bb8 50. h5 Bc7 51. h6+ Kf8 52. Rc6 Kg8 53.
Rxc7 1-0

[Event "*** Titled Tuesday Blitz"]
[Site "Chess.com"]
[Date "2021.04.27"]
[Round "7"]
[White "JoachimMouhamad"]
[Black "nocnypako"]
[Result "0-1"]
[WhiteElo "2456"]
[BlackElo "2557"]
[TimeControl "180+1"]
[EndTime "11:16:49 PDT"]
[Termination "nocnypako won by resignation"]

1. e4 c5 2. Nf3 d6 3. d4 cxd4 4. Nxd4 Nf6 5. Nc3 a6 6. f3 e5 7. Nb3 h5 8. Be3 Be6 9. Nd5 Bxd5 10. exd5 Nbd7 11. Be2 g6 12. O-O Bg7 13. Qd2 O-O 14. Na5 Qc7 15. c4 e4 16. f4 Ng4 17. Bxg4 hxg4 18.
f5 Be5 19. Rae1 Nc5 20. Bh6 Rfe8 21. Qg5 Qxa5 22. fxg6 f6 23. Qh5 Qc7 24. Be3 Nd3 25. Re2 Qd7 26. b3 b5 27. Rf5 bxc4 28. bxc4 Rab8 29.
g3 Rb1+ 30. Kg2 Ne1+ 31. Kf2 Nd3+ 32. Kg2 Ne1+ 33. Kf2 Nf3 34. Qh6 Qg7 35. Qh5 Rh1 36. Bh6 Qb7 37. Qxg4 Bd4+ 38. Kg2 Rxh2+ 39. Kf1 Qb1+ 0-1

[Event "*** Titled Tuesday Blitz"]
[Site "Chess.com"]
[Date "2021.04.27"]
[Round "7"]
[White "KyrgyzFighter"]
[Black "Kozok"]
[Result "1-0"]
[WhiteElo "2450"]
[BlackElo "2525"]
[TimeControl "180+1"]
[EndTime "11:16:49 PDT"]
[Termination "KyrgyzFighter won on time"]

1. c4 e5 2. Nc3 d6 3. g3 f5 4. Bg2 Nf6 5. e3 Be7 6. Nge2 O-O 7. O-O Qe8 8. b4 c6 9. d3 Be6 10. Rb1 Qh5 11. b5 g5 12. bxc6 bxc6 13. Rb7 Nbd7 14. f4 d5 15. fxg5 Qxg5 16. e4 Qh5 17. cxd5 cxd5 18. exd5 Ng4 19. h3 Bc5+ 20. d4 exd4 21. Nxd4 Ndf6 22. Na4 Bxd4+ 23. Qxd4 Rad8 24. hxg4 Qg6 25. gxf5 Bxf5 26. Bh6 Qxh6 27. Rxf5 Qg6 28. Qf4 Ng4 29. Rxf8+ Rxf8 30. Qe4 Rf1+ 31. Kxf1 Qf6+ 32. Qf4 Qa1+ 33. Ke2 Qxa2+ 34. Nb2 1-0

[Event "*** Titled Tuesday Blitz"]
[Site "Chess.com"]
[Date "2021.04.27"]
[Round "7"]
[White "WiktoriaPOL"]
[Black "Michaelson_11"]
[Result "0-1"]
[WhiteElo "2033"]
[BlackElo "2237"]
[TimeControl "180+1"]
[EndTime "11:16:50 PDT"]
[Termination "Michaelson_11 won on time"]

1. e4 c5 2. d4 cxd4 3. c3 dxc3 4. Nxc3 Nc6 5. Nf3 e6 6. Bc4 a6 7. O-O b5 8. Bb3 Bb7 9. Qe2 Nge7 10. Rd1 Ng6 11.
Bg5 Be7 12. Bxe7 Qxe7 13. e5 O-O 14. Ne4 Ncxe5 15. Nxe5 Nxe5 16. Nd6 Bxg2 17. Kxg2 Qg5+ 18. Kh1 Qf4 19. Qe3 Qxe3 20. fxe3 Ng4 21. Re1 f5 22. Kg2 Rf6 23. h3 Ne5 24. Re2 Rg6+ 25. Kf2 Nd3+ 26.
Kf1 Rg3 27. h4 Rf8 28. Rd1 f4 29. e4 f3 30. Re3 Ne5 31. Nf5 Rh3 32. Kg1 g6 33.
Ne7+ Kf7 34. Nf5 gxf5 35. exf5 Rg8+ 36. Kf2 Ng4+ 0-1

[Event "*** Titled Tuesday Blitz"]
[Site "Chess.com"]
[Date "2021.04.27"]
[Round "7"]
[White "Cptn2"]
[Black "Dinamo81"]
[Result "1-0"]
[WhiteElo "2600"]
[BlackElo "2697"]
[TimeControl "180+1"]
[EndTime "11:16:51 PDT"]
[Termination "Cptn2 won on time"]

1. e4 d5 2. exd5 Qxd5 3. Nc3 Qd6 4. Nf3 c6 5. g3 Nf6 6. Bg2 Bf5 7. O-O e6 8. d3 h6 9. Bf4 Qd8 10. Qe2 Nbd7 11. a4 a5 12. Ne4 Nb6 13. Nxf6+ Qxf6 14. Be5 Qd8 15. Rfe1 Nd5 16. Nd4 Bg6 17. Bh3 Qe7 18. Qd2 Qg5 19. f4 Qh5 20. Bg2 Bc5 21. Bxg7 Rg8 22.
Be5 f6 23. Kh1 fxe5 24. Rxe5 Qxe5 25. fxe5 Bxd4 26. c3 Bxe5 27. Re1 Bd6 28. Rxe6+ Kd7 29. Bh3 Kc7 30. Qxh6 Bxd3 31. Rxd6 Rae8 32. Rd7+ Kb6 33. Qd2 Rgf8 34. Bg2 Be4 35. h4 Bxg2+ 36. Kxg2 1-0

[Event "*** Titled Tuesday Blitz"]
[Site "Chess.com"]
[Date "2021.04.27"]
[Round "7"]
[White "SergeyShtyka"]
[Black "DFeco"]
[Result "0-1"]
[WhiteElo "2391"]
[BlackElo "2288"]
[TimeControl "180+1"]
[EndTime "11:16:51 PDT"]
[Termination "DFeco won on time"]

1. e4 e5 2. Nf3 Nc6 3. Nc3 Nf6 4. Bb5 Bd6 5. O-O O-O 6. h3 a6 7. Be2 Nd4 8. d3 Ne6 9. Nd5 c6 10. Ne3 Nf4 11. Nf5 Bc7 12. g3 Nxe2+ 13. Qxe2 d5 14. g4 dxe4 15. dxe4 Bxf5 16. gxf5 Kh8 17. Bg5 h6 18.
Bh4 Qe7 19. Rad1 Rad8 20. Rd3 Rxd3 21. cxd3 Qd6 22. Bg3 Qc5 23. d4 Qb4 24. a3 Qa4 25. Re1 Ba5 26. b4 Bb6 27. dxe5 Nh5 28. Kg2 Qxa3 29.
Rb1 Nxg3 30. fxg3 Rd8 31. f6 g5 32. Nxg5 hxg5 33. Qh5+ Kg8 34. Qxg5+ Kf8 35. Qg7+ Ke8 36. Qg8+ Kd7 37. Rd1+ Kc8 38. Rxd8+ Bxd8 39. Qxf7 Qb2+ 40. Kf3 Qxe5 41. Kg4 Qxe4+ 42. Kh5 Qf5+ 43. Kh6 Qxh3+ 44. Kg7 Qxg3+ 45. Kf8 Qd6+ 46. Kg8 Qxf6 47. Qe8 Qg5+ 48. Kh7 Qe7+ 0-1

[Event "*** Titled Tuesday Blitz"]
[Site "Chess.com"]
[Date "2021.04.27"]
[Round "7"]
[White "rpragchess"]
[Black "K_A_S_T_O_R"]
[Result "1-0"]
[WhiteElo "2904"]
[BlackElo "2779"]
[TimeControl "180+1"]
[EndTime "11:16:52 PDT"]
[Termination "rpragchess won by checkmate"]

1. Nf3 c5 2. g3 b6 3. Bg2 Bb7 4. O-O Nf6 5. b3 e6 6. Bb2 Be7 7. c4 d6 8. Nc3 a6 9. Re1 Qc7 10.
e4 O-O 11. d4 cxd4 12. Nxd4 Nbd7 13. Rc1 Rac8 14. Qd2 Nc5 15. Rcd1 Qb8 16. Qe3 Rfe8 17. h3 Ba8 18. f4 g6 19. Kh2 Bf8 20. e5 Bxg2 21. Kxg2 dxe5 22. fxe5 Nh5 23. b4 Nd7 24. g4 Ng7 25. Ne4 Be7 26. Nf3 Red8 27. Rc1 Qb7 28. Qf4 Bxb4 29. Red1 Be7 30. Kg3 Nc5 31. Nd6 Bxd6 32.
exd6 Ne4+ 33. Kh2 f5 34. gxf5 exf5 35. Qe5 Rc5 36. Rd5 Qf7 37. Bd4 Re8 38. d7 Rxe5 39.
Nxe5 Rxd5 40. cxd5 Ne6 41. Nxf7 Nxd4 42. d8=Q+ Kxf7 43. Rc7# 1-0

[Event "*** Titled Tuesday Blitz"]
[Site "Chess.com"]
[Date "2021.04.27"]
[Round "7"]
[White "Zipa5"]
[Black "esrosenberg"]
[Result "0-1"]
[WhiteElo "1862"]
[BlackElo "2210"]
[TimeControl "180+1"]
[EndTime "11:16:52 PDT"]
[Termination "esrosenberg won on time"]

1. Nf3 d5 2. e3 a6 3. c4 Nf6 4. b3 Bg4 5. cxd5 Nxd5 6. Be2 Nc6 7.
Bb2 e6 8. O-O Bd6 9. Bxg7 Rg8 10.
Bb2 Bh3 11. Ne1 Qh4 12. g3 Bxf1 13. Bxf1 Ne5 14. Bg2 Qh6 15. f4 Ng4 16. Nf3 O-O-O 17. Qe2 Bc5 18. Bd4 Bxd4 19. Nxd4 Qxh2+ 20. Kf1 Qxg3 21. Qf3 Nh2+ 22. Ke2 Nxf3 23. Bxf3 Nxf4+ 24. Kd1 Rxd4 25. exd4 Qxf3+ 26. Kc2 Qd3+ 27. Kb2 Qxd4+ 28. Nc3 Qxd2+ 29. Ka3 Qxc3 30. Rd1 Nd3 31. Rxd3 Qxd3 32. Ka4 Qb5+ 33. Ka3 Rg3 34. Kb2 Qb4 35. Kc1 Rg2 0-1

[Event "*** Titled Tuesday Blitz"]
[Site "Chess.com"]
[Date "2021.04.27"]
[Round "7"]
[White "TengisChess"]
[Black "ErikRonka"]
[Result "1-0"]
[WhiteElo "2552"]
[BlackElo "2462"]
[TimeControl "180+1"]
[EndTime "11:16:53 PDT"]
[Termination "TengisChess won by resignation"]

1. c4 c6 2. Nf3 d5 3. g3 Nf6 4. Bg2 Bg4 5. O-O Nbd7 6. cxd5 Bxf3 7. Bxf3 cxd5 8. Nc3 e6 9. d4 Be7 10. Bf4 O-O 11. Rc1 a6 12. Qb3 Qb6 13. Na4 Qxb3 14. axb3 Rac8 15. h4 h6 16. Kg2 Rfe8 17. g4 Kf8 18. g5 hxg5 19. hxg5 Nh7 20. Rh1 Rxc1 21. Rxc1 Bxg5 22. Bd6+ Be7 23. Rc7 Bxd6 24. Rxd7 Bf4 25.
Rxb7 Rb8 26. Ra7 Rxb3 27. Rxa6 g5 28. e3 Bc7 29. Ra7 Bd6 30. Ra6 Bc7 31. Bd1 Rb4 32.
b3 Nf6 33. Nc5 Ne4 34. Nxe4 dxe4 35. Bc2 Bd8 36. Ra3 Be7 37. Bxe4 Rxd4 38. Ra8+ Rd8 39.
Ra7 f5 40. Bc6 Kf7 41. Rb7 Kf6 42. b4 Bd6 43. b5 Rh8 44. Rd7 Be5 45. b6 Rb8 46. b7 g4 47. Rh7 f4 48. exf4 Bxf4 49. Rh4 Kf5 50. Rh5+ Kf6 51. Ra5 Be5 52. Ra4 Bd6 53.
Rxg4 Ke5 54. Re4+ Kf6 55. f4 e5 56. Bd5 Bc7 57. fxe5+ Bxe5 58. Kf3 Bc7 59. Re6+ Kf5 60. Rc6 Be5 61. Be4+ Kg5 62. Rg6+ Kh5 63. Re6 Rf8+ 64.
Ke2 Bb8 65. Rc6 Kg5 66. Rc8 Bd6 67. Rxf8 Bxf8 68. b8=Q 1-0

[Event "*** Titled Tuesday Blitz"]
[Site "Chess.com"]
[Date "2021.04.27"]
[Round "7"]
[White "tteshan"]
[Black "Klavdia_Nik"]
[Result "1-0"]
[WhiteElo "2243"]
[BlackElo "2045"]
[TimeControl "180+1"]
[EndTime "11:16:53 PDT"]
[Termination "tteshan won on time"]

1. e4 g6 2. d4 Bg7 3. c4 c5 4. d5 d6 5. Bd3 Nf6 6. Nc3 Nbd7 7.
Nge2 Ne5 8. Bb1 Nxc4 9. Qa4+ Nd7 10. Qxc4 a6 11. a4 O-O 12. O-O Rb8 13. f4 b5 14.
axb5 axb5 15. Nxb5 Qb6 16. Nbc3 Bb7 17. Bd3 Ra8 18.
Bd2 Rfb8 19. Rxa8 Rxa8 20. Qb5 Qc7 21. Qb3 Nb6 22. Nb5 Qd7 23. Bc3 c4 24. Bxc4 Nxc4 25. Bxg7 Nd2 26. Qc3 Nxf1 27. Na3 f6 28. Bh6 Ba6 29.
Kxf1 Bxe2+ 30. Kxe2 Qg4+ 31. Qf3 Qc8 32. f5 Qa6+ 33.
Kf2 Qb6+ 34. Kg3 Qxb2 35. Nc4 Qb4 36. Ne3 Ra3 37. fxg6 1-0